 Dungeon Crawl Stone Soup version 0.28-a0-1182-g381e24db82 (webtiles) character file.

Game seed: 13726240362297943353

0 spiderkeys the Skirmisher (level 1, -23/19 HPs)
             Began as a Palentonga Abyssal Knight on Dec 17, 2021.
             Was a Follower of Lugonu.
             Annihilated by a cyan very ugly thing (24 damage)
             ... on level 1 of the Abyss.
             The game lasted 00:00:31 (372 turns).

spiderkeys the Skirmisher (PaAK)                     Turns: 372, Time: 00:00:32

Health: -23/19     AC:  4    Str: 16    XL:     1   Next: 0%
Magic:  2/2        EV:  9    Int: 10    God:    Lugonu [*.....]
Gold:   15         SH:  0    Dex: 10    Spells: 0/0 levels left

rFire   . . .      SeeInvis +   a - +1 hand axe
rCold   . . .      Faith    .   (no shield)
rNeg    . . .      Spirit   .   b - +0 leather armour
rPois   .          Reflect  .   (no helmet)
rElec   .          Harm     .   (no cloak)
rCorr   .          Rampage  .   (no gloves)
Will    .....                   (no barding)
Stlth   +.........              (no amulet)
HPRegen 0.06/turn               (no ring)
MPRegen 0.08/turn               (no ring)

@: no status effects
A: large, rugged brown scales 3, see invisible, deformed body, roll 1, armoured
tail
a: Rolling Charge, Renounce Religion, Depart the Abyss


You were on level 1 of the Abyss.
You worshipped Lugonu.
Lugonu was aware of your devotion.
You visited 0 branches of the dungeon, and saw 0 of its levels.
You visited the Abyss 1 time.

You collected 15 gold pieces.


Innate Abilities, Weirdness & Mutations

You are completely covered in rugged brown scales. (AC +3, +7% HP)
You have supernaturally acute eyesight. (SInv)
Armour fits poorly on your strangely shaped body.
You can roll at nearby foes to attack.
You have a long armoured tail.


   Skills:
 + Level 3.0 Fighting
 + Level 2.0 Axes
 + Level 1.5 Armour
 + Level 0.7 Dodging
 + Level 2.0 Invocations


You couldn't memorise any spells.
You didn't know any spells.
Your spell library was empty.

Inventory:

Hand Weapons
 a - a +1 hand axe (weapon)
Missiles
 c - 17 arrows
Armour
 b - a +0 leather armour (worn)
Jewellery
 R - a ring of resist corrosion
   (You found it on level 1 of the Abyss)

Dungeon Overview and Level Annotations

Branches:
Dungeon (0/15)

Altars:

#. ..# #.. #.# .
###. ##..
.....##..###..# #.
.#..#...#..#...#...#
..#...##..#.@....#
.......#...u##..#
#....#..#.....# ..#
....##...##.#..# # #
...#.#........#.# ..
..................
#..
#..##..##..##..##
##..##..##.. #..#
..#
..................
...


You could see a cyan very ugly thing.


Message History

🤖 Initializing magus.rc ... ✅ Successfully initialized magus.rc [v1.9.10] Welcome, spiderkeys the Palentonga Abyssal Knight.
You feel drawn to the Orb of Zot, downwards into the unfathomable depths...
Lugonu says: Depart the Abyss and spread corruption, my servant! (use the ability menu to exit the Abyss) Press ? for a list of commands and other information.
Found a corrupted altar of Lugonu.
You now have 15 gold pieces.
c - 17 arrows
Found a gateway leading out of the Abyss.
There is a gateway leading out of the Abyss here.
You are suddenly pulled into a different region of the Abyss!
d - a scroll labelled GIULIAKKOU You enter the shallow water.
Moving in this stuff is going to be slow.
A tentacled starspawn comes into view.
As you read the scroll labelled GIULIAKKOU, it crumbles to dust.
You feel strangely unstable.
You feel the power of the Abyss delaying your translocation!
It was a scroll of teleportation.
Tentacles burst from the starspawn's body! 2 starspawn tentacles come into view.
You are suddenly pulled into a different region of the Abyss!
R - a ring of resist corrosion A cyan very ugly thing comes into view.
The cyan very ugly thing gurgles horribly!
The cyan very ugly thing engulfs you!!
Ouch! That really hurt!
* * * LOW HITPOINT WARNING * * *
The cyan very ugly thing shocks you!!
Ouch! That really hurt!
You die...

Action                   || total
-------------------------++-------
  Use: Scroll            ||     1

Levels and vault maps discovered:
Abyss:1:  base: Temple, base: Temple, serial_sigils_hangedman_gut,
          evilmike_abyss_exit_glass

Notes
Turn   | Place    | Note
-------+----------+-------------------------------------------
     0 | Abyss:1  | spiderkeys the Palentonga Abyssal Knight began the quest
                  | for the Orb.
     0 | Abyss:1  | Reached XP level 1. HP: 19/19 MP: 2/2
     0 | Abyss:1  | magus.rc [v1.9.10]
   195 | Abyss:1  | Found a corrupted altar of Lugonu.
   302 | Abyss:1  | Noticed a tentacled starspawn
   357 | Abyss:1  | Noticed a cyan very ugly thing
   372 | Abyss:1  | HP: 1/19 [cyan very ugly thing (18)]
   372 | Abyss:1  | Annihilated by a cyan very ugly thing

Vanquished Creatures (others)
  2 starspawn tentacles (Abyss:1)
2 creatures vanquished.

Table legend:
 A = Non-vault XP
 B = Vault XP
 C = Vault XP percentage of total XP
 D = Non-vault monster count
 E = Vault monster count
 F = Vault count percentage of total count
                 A         B        C        D         E       F
            +---------+---------+-------+---------+---------+-------
      Total |       0 |       0 |   N/A |       0 |       0 |  -nan
            +---------+---------+-------+---------+---------+-------
            +---------+---------+-------+---------+---------+-------

Illustrated notes

Table legend: (Time is in decaauts)
 A = Elapsed time spent in this place.
 B = Non-inter-level travel time spent in this place.
 C = Inter-level travel time spent in this place.
 D = Time resting spent in this place.
 E = Time spent auto-exploring this place.
 F = Levels seen in this place.
 G = Mean time per level.
                   A        B        C        D        E       F      G
               +--------+--------+--------+--------+--------+-----+--------+
         Total |    372 |    372 |      0 |      0 |    299 |   1 |  372.0 |
         Abyss |    372 |    372 |      0 |      0 |    299 |   1 |  372.0 |
               +--------+--------+--------+--------+--------+-----+--------+

Top non-repeatable levels by time:
 Abyss:1: 372 daAuts
